 Dungeon Crawl Stone Soup version 0.31-a0-1178-gc5c9b8f871 (webtiles) character file.

Game seed: 11643591705630137620

624 qw the Shooter (level 7, 0/44 HPs)
             Began as a Gargoyle Hunter on Dec 11, 2023.
             Was a Follower of Okawaru.
             Slain by Prince Ribbit (1 damage)
             ... on level 5 of the Dungeon.
             The game lasted 00:01:58 (4273 turns).

qw the Shooter (Gargoyle Hunter)                    Turns: 4273, Time: 00:01:59

Health: 0/44       AC: 14    Str: 21    XL:     7   Next: 47%
Magic:  7/8        EV: 11    Int:  9    God:    Okawaru [*.....]
Gold:   653        SH:  0    Dex: 15    Spells: 6/6 levels left

rFire   + . .        a - +0 shortbow
rCold   . . .        (shield currently unavailable)
rNeg    + . .        e - +0 ring mail
rPois   inf          b - +0 helmet
rElec   +            i - +0 cloak
rCorr   .            d - +0 pair of gloves
SInv    .            h - +0 pair of boots
Will    .....        (no amulet)
Stlth   +            j - ring of protection from fire
HPRegen 0.27/turn    k - +6 ring of strength
MPRegen 0.11/turn

%: no passive effects
@: about to teleport
A: sickness immunity, AC +4, negative energy resistance 1, electricity
resistance, torment resistance 1, petrification resistance
a: Renounce Religion, Heroism


You were on level 5 of the Dungeon.
You worshipped Okawaru.
Okawaru was aware of your devotion.
You visited 1 branch of the dungeon, and saw 5 of its levels.

You collected 653 gold pieces.


Innate Abilities, Weirdness & Mutations

You are immune to sickness and miasma.
Your stone body is resilient. (AC +4)
You are immune to poison.
You resist negative energy. (rN+)
You are resistant to electric shocks. (rElec)
You are resistant to unholy torment.
You are immune to petrification.


   Skills:
 - Level 4.4 Fighting
 + Level 7.4 Ranged Weapons
 - Level 2.1 Armour
 - Level 1.5 Dodging
 - Level 1.1 Stealth
 + Level 2.0 Invocations


You had 6 spell levels left.
You didn't know any spells.
Your spell library was empty.

Inventory:

Hand Weapons
 a - a +0 shortbow (weapon)
Armour
 b - a +0 helmet (worn)
 d - a +0 pair of gloves (worn)
 e - a +0 ring mail (worn)
 h - a +0 pair of boots (worn)
 i - a +0 cloak (worn)
Jewellery
 j - a ring of protection from fire (left hand)
 k - a +6 ring of strength (right hand)
Wands
 c - a wand of polymorph (10)
Scrolls
 m - a scroll of revelation {unknown}
 n - a scroll of enchant armour {unknown}
Potions
 g - 3 potions of enlightenment
 l - a potion of heal wounds
 o - 2 potions of curing

Dungeon Overview and Level Annotations

Branches:
Dungeon (5/15)
 Temple: D:4-7

Altars:
Gozag
Okawaru
Yredelemnul

Annotations:
D:5 Prince Ribbit


Message History

Menkaure is severely damaged.
Prince Ribbit blinks!
Menkaure hits you.
You shoot an arrow. The arrow hits Menkaure.
Menkaure is severely damaged.
Menkaure completely misses you.
Prince Ribbit blinks!
You shoot an arrow.
The arrow hits Menkaure but does no damage.
Menkaure is severely damaged.
Menkaure hits you but does no damage. Menkaure hits you!
You shoot an arrow. The arrow hits Menkaure.
Menkaure is almost destroyed.
Menkaure closely misses you.
You shoot an arrow. The arrow hits Menkaure.
You destroy Menkaure!
Okawaru accepts your kill.
Your Invocations skill gained 2 levels and is now at level 2!
You shoot an arrow. The arrow hits Prince Ribbit.
Prince Ribbit is heavily wounded.
You shoot an arrow. The arrow closely misses Prince Ribbit.
Prince Ribbit blinks!
You start resting.
Prince Ribbit is nearby!
You shoot an arrow. The arrow hits Prince Ribbit.
Prince Ribbit is heavily wounded.
Prince Ribbit blinks! x2
You shoot an arrow. The arrow barely misses Prince Ribbit.
Prince Ribbit hops awkwardly around.
You shoot an arrow.
The arrow completely misses Prince Ribbit.
Prince Ribbit hits you! Prince Ribbit closely misses you.
You shoot an arrow.
The arrow hits Prince Ribbit but does no damage.
Prince Ribbit is heavily wounded.
Prince Ribbit hits you!
Prince Ribbit hits you but does no damage.
4273 ||| READING scroll of teleportation.
As you read the scroll of teleportation, it crumbles to dust.
You feel strangely unstable. Prince Ribbit hits you.
You die...

....... #....
.......###...
..F..#... #..#.#
#...# ##..# #..#
#F## #@# #.####
#....# ####.#
#.#
################
#.#
)............))#
#.#
#######...####.#
#.# ....# #...#
#.####.#


You could see Prince Ribbit.

Vanquished Creatures
  Menkaure (D:5)
  A black bear (D:5)
  An ogre (D:5)
  A scorpion (D:4)
  An orc priest (D:5)
  An iguana (D:4)
  An orc wizard (D:5)
  Robin (D:2)
  8 adders
  An adder zombie (D:3)
  5 dart slugs
  6 orcs
  5 endoplasms
  4 giant cockroaches
  19 goblins
  6 hobgoblins
  2 jackals (D:3)
  5 quokkas
  6 ball pythons
  5 bats
  2 frilled lizards (D:1)
  A giant cockroach zombie (D:3)
  8 kobolds
  8 rats
99 creatures vanquished.

Notes
Turn   | Place    | Note
-------+----------+-------------------------------------------
     0 | D:1      | qw the Gargoyle Hunter began the quest for the Orb.
     0 | D:1      | Reached XP level 1. HP: 12/12 MP: 1/1
     0 | D:1      | 0 ||| qw: Version: 0.3-a-106-g2cfff9e
     0 | D:1      | 0 ||| qw: Game counter: 1976
     0 | D:1      | 0 ||| qw: Melee chars always use a shield: true
     0 | D:1      | 0 ||| qw: God list: Okawaru
     0 | D:1      | 0 ||| qw: Allow faded altars: false
     0 | D:1      | 0 ||| qw: Do Orc after clearing Dungeon:15 true
     0 | D:1      | 0 ||| qw: Do second Lair branch before Depths: true
     0 | D:1      | 0 ||| qw: Lair rune preference: random
     0 | D:1      | 0 ||| qw: Goals: Normal, Save, Zot:1-4, Win
     0 | D:1      | 0 ||| PLANNING D:1-11
   145 | D:1      | Reached XP level 2. HP: 17/17 MP: 2/2
   280 | D:1      | Found a faded altar of an unknown god.
   447 | D:1      | Reached XP level 3. HP: 21/21 MP: 3/3
   761 | D:1      | Reached skill level 5 in Ranged Weapons
   884 | D:1      | 884 ||| UPGRADING to +0 ring mail.
   894 | D:1      | 894 ||| DROPPING +0 leather armour.
   895 | D:1      | 895 ||| UPGRADING to +0 pair of boots.
   900 | D:1      | 900 ||| READING 3 scrolls labelled YRUTZY BENNA.
   900 | D:1      | 900 ||| IDENTIFYING fuming inky potion
   901 | D:1      | 901 ||| READING 2 scrolls of identify.
   901 | D:1      | 901 ||| IDENTIFYING fuming orange potion
   902 | D:1      | 902 ||| READING scroll of identify.
   902 | D:1      | 902 ||| IDENTIFYING fuming amethyst potion
   903 | D:1      | 903 ||| READING scroll labelled VOME JEKOOCKAZ.
   904 | D:1      | 904 ||| READING scroll labelled JEOTWI WOAME.
   920 | D:1      | 920 ||| READING scroll labelled CUENTE SOVVOL.
   921 | D:1      | 921 ||| DROPPING scroll of butterflies.
   922 | D:1      | 922 ||| DROPPING potion of invisibility.
   923 | D:1      | 923 ||| DROPPING potion of attraction.
   960 | D:2      | 960 ||| STAIRDANCE
  1002 | D:2      | Noticed Robin
  1006 | D:2      | Reached skill level 1 in Armour
  1020 | D:2      | 1020 ||| READING scroll labelled HUIPPUENAWN.
  1029 | D:2      | HP: 4/22 [Robin/+0 spear (3)]
  1030 | D:2      | 1030 ||| DRINKING smoky clear potion.
  1033 | D:2      | HP: 1/33 [Robin/+0 spear (4)]
  1038 | D:2      | 1038 ||| FLEEEEING.
  1039 | D:2      | 1039 ||| FLEEEEING.
  1040 | D:2      | 1040 ||| FLEEEEING.
  1041 | D:2      | 1041 ||| FLEEEEING.
  1042 | D:2      | 1042 ||| FLEEEEING.
  1043 | D:2      | 1043 ||| FLEEEEING.
  1044 | D:2      | 1044 ||| FLEEEEING.
  1045 | D:2      | 1045 ||| FLEEEEING.
  1046 | D:2      | 1046 ||| FLEEEEING.
  1047 | D:2      | 1047 ||| FLEEEEING.
  1049 | D:2      | 1049 ||| FLEEEEING.
  1050 | D:2      | 1050 ||| FLEEEEING.
  1051 | D:2      | 1051 ||| FLEEEEING.
  1052 | D:2      | 1052 ||| FLEEEEING.
  1053 | D:2      | 1053 ||| FLEEEEING.
  1054 | D:2      | 1054 ||| FLEEEEING.
  1055 | D:2      | 1055 ||| FLEEEEING.
  1056 | D:2      | 1056 ||| FLEEEEING.
  1057 | D:2      | 1057 ||| STAIRDANCE
  1061 | D:2      | 1061 ||| STAIRDANCE
  1120 | D:2      | 1120 ||| STAIRDANCE
  1225 | D:2      | 1225 ||| STAIRDANCE
  1341 | D:2      | Killed Robin
  1342 | D:2      | Reached XP level 4. HP: 27/27 MP: 4/4
  1397 | D:2      | Reached skill level 3 in Fighting
  2165 | D:2      | 2165 ||| UPGRADING to +0 helmet.
  2170 | D:2      | 2170 ||| UPGRADING to +0 pair of gloves.
  2175 | D:2      | 2175 ||| UPGRADING to +0 cloak.
  2180 | D:2      | 2180 ||| READING scroll labelled EWNAUNK YFUSCH.
  2337 | D:3      | 2337 ||| STAIRDANCE
  2450 | D:3      | Reached XP level 5. HP: 32/32 MP: 5/5
  2516 | D:3      | Found an opulent altar of Gozag.
  2581 | D:3      | Found a basalt altar of Yredelemnul.
  2993 | D:3      | 2993 ||| DROPPING ring of magical power.
  2994 | D:3      | 2994 ||| READING scroll of identify.
  2994 | D:3      | 2994 ||| IDENTIFYING purple potion
  2995 | D:3      | 2995 ||| READING scroll labelled EGYUHIYTZIXY.
  2996 | D:3      | 2996 ||| READING scroll labelled CAKISOO BEQUC.
  2997 | D:3      | 2997 ||| DRINKING 2 bubbling dark potions.
  3025 | D:3      | 3025 ||| DROPPING potion of lignification.
  3339 | D:4      | 3339 ||| UPGRADING to ring of protection from fire.
  3340 | D:4      | 3340 ||| UPGRADING to +6 ring of strength.
  3341 | D:4      | 3341 ||| READING scroll labelled KANU JUMYH.
  3342 | D:4      | 3342 ||| READING scroll labelled GOEBEN HOGAITH.
  3366 | D:4      | Found an iron altar of Okawaru.
  3367 | D:4      | 3367 ||| PLANNING OKAWARU WORSHIP
  3367 | D:4      | 3367 ||| DRINKING 3 grey potions.
  3376 | D:4      | 3376 ||| DROPPING 2 potions of brilliance.
  3383 | D:4      | Became a worshipper of Warmaster Okawaru
  3384 | D:4      | 3384 ||| PLANNING D:1-11
  3728 | D:4      | 3728 ||| READING scroll of identify.
  3728 | D:4      | 3728 ||| IDENTIFYING brown potion
  3762 | D:4      | 3762 ||| READING scroll labelled VOIGAI BYGUIDA.
  3762 | D:4      | Identified a scroll of acquirement
  3762 | D:4      | 3762 ||| 3762 ||| Offered +3 warlock's mirror {omnireflect}
  3762 | D:4      | 3762 ||| 3762 ||| Offered manual of Armour
  3762 | D:4      | 3762 ||| 3762 ||| Offered +8 demon trident "Rift" {distort,
                  | reach+}
  3762 | D:4      | 3762 ||| 3762 ||| Offered 494 gold pieces
  3762 | D:4      | 3762 ||| ACQUIRING 494 gold pieces
  3762 | D:4      | Acquired 494 gold pieces
  3777 | D:4      | Reached skill level 6 in Ranged Weapons
  3777 | D:4      | Reached XP level 6. HP: 27/37 MP: 6/6
  3931 | D:5      | Entered Level 5 of the Dungeon
  4084 | D:5      | Noticed a black bear
  4085 | D:5      | 4085 ||| Stepping ~*~*~tactically~*~*~ (retreating).
  4087 | D:5      | 4087 ||| Stepping ~*~*~tactically~*~*~ (retreating).
  4123 | D:5      | Killed a black bear
  4123 | D:5      | Reached * piety under Okawaru
  4124 | D:5      | Reached skill level 7 in Ranged Weapons
  4124 | D:5      | Reached XP level 7. HP: 24/44 MP: 7/7
  4241 | D:5      | Noticed Prince Ribbit
  4246 | D:5      | Noticed Menkaure
  4247 | D:5      | 4247 ||| Stepping ~*~*~tactically~*~*~ (retreating).
  4248 | D:5      | 4248 ||| Stepping ~*~*~tactically~*~*~ (retreating).
  4252 | D:5      | 4252 ||| Stepping ~*~*~tactically~*~*~ (retreating).
  4253 | D:5      | 4253 ||| Stepping ~*~*~tactically~*~*~ (retreating).
  4254 | D:5      | 4254 ||| Stepping ~*~*~tactically~*~*~ (retreating).
  4265 | D:5      | Killed Menkaure
  4272 | D:5      | HP: 1/44 [Prince Ribbit (13)]
  4273 | D:5      | 4273 ||| READING scroll of teleportation.
  4273 | D:5      | Slain by Prince Ribbit

Levels and vault maps discovered:
D:1:      lightli_arrival_flooded_house, layout_basic,
          shapermc_ecumenical_altar_rom_forum
D:2:      layout_loops_corners, uniq_robin
D:3:      layout_loops_cross, nicolae_gozag_seed_capital,
          lemuel_zombie_altar_yredelemnul
D:4:      layout_loops_cross, okawaru_metal_pillars_3, minmay_puff
D:5:      layout_basic, uniq_eustachio, uniq_prince_ribbit1, uniq_menkaure

Skill      XL: |  1  2  3  4  5  6  7 |
---------------+----------------------+-----
Ranged Weapons | 5 6 7 |  7.4
Armour         | 1 2 |  2.1
Fighting       | 3 4 |  4.4
Invocations    | 2 |  2.0
Dodging        | |  1.5
Stealth        | |  1.1

Action                     |  1- 3 |  4- 6 |  7- 9 || total
---------------------------+-------+-------+-------++-------
  Melee: Unarmed           |     2 |       |       ||     2
   Fire: Shortbow          |   115 |   275 |    27 ||   417
    Use: Scroll            |     7 |     8 |     1 ||    16
         Potion            |     1 |     2 |       ||     3
 Armour: Leather armour    |    27 |       |       ||    27
         Skin              |    28 |       |       ||    28
         Ring mail         |    19 |   158 |    13 ||   190
  Dodge: Dodged            |    82 |   125 |     6 ||   213

Table legend:
 A = Non-vault XP
 B = Vault XP
 C = Vault XP percentage of total XP
 D = Non-vault monster count
 E = Vault monster count
 F = Vault count percentage of total count
                 A         B        C        D         E       F
            +---------+---------+-------+---------+---------+-------
      Total |     646 |     246 |  27.6 |      80 |      19 |  19.2
            +---------+---------+-------+---------+---------+-------
        D:1 |      42 |       2 |   4.5 |      27 |       1 |   3.6
        D:2 |      80 |      36 |  31.0 |      19 |      11 |  36.7
        D:3 |      25 |       6 |  19.4 |      12 |       2 |  14.3
        D:4 |     176 |      30 |  14.6 |      15 |       4 |  21.1
        D:5 |     323 |     172 |  34.7 |       7 |       1 |  12.5
            +---------+---------+-------+---------+---------+-------
